3AA
ATHLETIC CLUB KC ACADEMY @ IRVING BLUE SOX
07/30/2042
 
TOP OF THE 1ST
Athletic Club KC Academy batting - Pitching for Irving Blue Sox : RHP King Joseph
Pitching: RHP King Joseph
Batting: RHB Daniel Hannaford 0-0: Ball
1-0: Ball
2-0: Foul Ball, location: 2F
2-1: Swinging Strike
2-2: Foul Ball, location: 2F
2-2: Ball
3-2: Reached on error, E6 (Groundball, 6, EV 101.9 MPH)
Batting: SHB Tosya Mndoyants 0-0: Ball
1-0: Called Strike
1-1: Ball
2-1: Ball
3-1: Fly out, F8 (Flyball, 8LS, EV 88.1 MPH)
Batting: RHB Neal Lewis 0-0: Ball
1-0: Grounds into double play, 6-4-3 (Groundball, 6, EV 86.2 MPH)
Top of the 1st over - 0 runs, 0 hits, 1 error, 0 left on base; Athletic Club KC Academy 0 - Irving 0
BOTTOM OF THE 1ST
Irving Blue Sox batting - Pitching for Athletic Club KC Academy : LHP Reggie Reed
Pitching: LHP Reggie Reed
Batting: RHB Gabriel De La Garza 0-0: Ball
1-0: Ball
2-0: Called Strike
2-1: Fly out, F4 (Popup, 4M, EV 63.8 MPH)
Batting: RHB Emílio Pueblo 0-0: Ball
1-0: Foul Ball, location: 2F
1-1: Ball
2-1: Ball
3-1: Base on Balls
Batting: RHB Julian Lemur 0-0: Ball
1-0: Called Strike
1-1: Foul Ball, location: 2F
1-2: Strikes out swinging
Emílio Pueblo is caught stealing 2nd base 2-4
Batter strikes out.
Bottom of the 1st over - 0 runs, 0 hits, 0 errors, 0 left on base; Athletic Club KC Academy 0 - Irving 0
TOP OF THE 2ND
Athletic Club KC Academy batting - Pitching for Irving Blue Sox : RHP King Joseph
Batting: LHB Ron Whitney 0-0: Foul Ball, location: 2F
0-1: Called Strike
0-2: Ball
1-2: Ball
2-2: Foul Ball, location: 2F
2-2: Strikes out looking
Batting: RHB Tim Hendricks 0-0: Ball
1-0: Swinging Strike
1-1: Ball
2-1: Fly out, F7 (Line Drive, 7, EV 103.8 MPH)
Batting: SHB Ross Evans 0-0: Foul Ball, location: 2F
0-1: Foul Ball, location: 2F
0-2: Foul Ball, location: 2F
0-2: Ball
1-2: SINGLE (Groundball, 4MD, EV 108.1 MPH)
Batting: LHB Carl Zimerman 0-0: Ground out 4-3 (Groundball, 4, EV 108.1 MPH)
Top of the 2nd over - 0 runs, 1 hit, 0 errors, 1 left on base; Athletic Club KC Academy 0 - Irving 0
BOTTOM OF THE 2ND
Irving Blue Sox batting - Pitching for Athletic Club KC Academy : LHP Reggie Reed
Batting: RHB Bob Hill 0-0: Ball
1-0: Ball
2-0: Foul Ball, location: 2F
2-1: Ball
3-1: Base on Balls
Batting: RHB Dan Webb 0-0: Called Strike
0-1: Ball
1-1: Swinging Strike
1-2: Strikes out swinging
Batting: RHB Rubén Plumey 0-0: DOUBLE (Line Drive, 89XD, EV 103.1 MPH)
Bob Hill to third
Batting: RHB Randy Baker 0-0: Called Strike
0-1: Called Strike
0-2: Ball
1-2: Strikes out looking
Batting: SHB Alejandro De La Cerdo 0-0: Foul Ball, location: 2F
0-1: Foul Ball, location: 2F
0-2: Ball
1-2: Fly out, F6 (Popup, 4S, EV 79.4 MPH)
Bottom of the 2nd over - 0 runs, 1 hit, 0 errors, 2 left on base; Athletic Club KC Academy 0 - Irving 0
TOP OF THE 3RD
Athletic Club KC Academy batting - Pitching for Irving Blue Sox : RHP King Joseph
Batting: LHB Octávio Castaneda 0-0: Ground out 4-3 (Groundball, 34, EV 85.0 MPH)
Batting: RHB Domingo Magana 0-0: Ball
1-0: Ball
2-0: Foul Ball, location: 2F
2-1: Foul Ball, location: 2F
2-2: TRIPLE (Line Drive, 89XD, EV 106.2 MPH)
Batting: RHB Daniel Hannaford 0-0: Ball
1-0: Called Strike
1-1: TRIPLE (Line Drive, 89XD, EV 103.8 MPH)
Domingo Magana scores
Batting: SHB Tosya Mndoyants 0-0: Foul Ball, location: 2F
0-1: Ball
1-1: Swinging Strike
1-2: Strikes out swinging
Batting: RHB Neal Lewis 0-0: Called Strike
0-1: Ball
1-1: Ball
2-1: Swinging Strike
2-2: Strikes out swinging
Top of the 3rd over - 1 run, 2 hits, 0 errors, 1 left on base; Athletic Club KC Academy 1 - Irving 0
BOTTOM OF THE 3RD
Irving Blue Sox batting - Pitching for Athletic Club KC Academy : LHP Reggie Reed
Batting: LHB Nathan Shallcross 0-0: Ground out 4-3 (Groundball, 4, EV 88.8 MPH)
Batting: RHB Gabriel De La Garza 0-0: Called Strike
0-1: Swinging Strike
0-2: Ground out 4-3 (Groundball, 4, EV 85.0 MPH)
Batting: RHB Emílio Pueblo 0-0: Ball
1-0: Called Strike
1-1: Ball
2-1: Foul Ball, location: 2F
2-2: Fly out, F8 (Line Drive, 8RM, EV 90.6 MPH)
Bottom of the 3rd over - 0 runs, 0 hits, 0 errors, 0 left on base; Athletic Club KC Academy 1 - Irving 0
TOP OF THE 4TH
Athletic Club KC Academy batting - Pitching for Irving Blue Sox : RHP King Joseph
Batting: LHB Ron Whitney 0-0: Foul Ball, location: 2F
0-1: Ball
1-1: Ball
2-1: Swinging Strike
2-2: Foul Ball, location: 2F
2-2: Foul Ball, location: 2F
2-2: Ball
3-2: Fly out, F9 (Flyball, 9, EV 88.8 MPH)
Batting: RHB Tim Hendricks 0-0: SINGLE (Groundball, 4MD, EV 103.1 MPH)
Batting: SHB Ross Evans 0-0: Called Strike
0-1: Foul Ball, location: 2F
0-2: Foul Ball, location: 2F
0-2: Ball
1-2: Foul Ball, location: 2F
1-2: Ball
2-2: Foul Ball, location: 2F
2-2: Fly out, F8 (Line Drive, 8LM, EV 90.6 MPH)
Batting: LHB Carl Zimerman 0-0: Called Strike
0-1: Foul Ball, location: 2F
0-2: Ball
1-2: Ground out 4-3 (Groundball, 4, EV 88.1 MPH)
Top of the 4th over - 0 runs, 1 hit, 0 errors, 1 left on base; Athletic Club KC Academy 1 - Irving 0
BOTTOM OF THE 4TH
Irving Blue Sox batting - Pitching for Athletic Club KC Academy : LHP Reggie Reed
Batting: RHB Julian Lemur 0-0: SINGLE (Groundball, 6D, EV 107.5 MPH)
Batting: RHB Bob Hill 0-0: Ball
1-0: Foul Ball, location: 2F
1-1: Foul Ball, location: 2F
1-2: Ball
2-2: Fly out, F6 (Popup, 6M, EV 54.4 MPH)
Batting: RHB Dan Webb 0-0: Ball
1-0: Ball
2-0: Grounds into double play, 6-4-3 (Groundball, 6, EV 83.1 MPH)
Bottom of the 4th over - 0 runs, 1 hit, 0 errors, 0 left on base; Athletic Club KC Academy 1 - Irving 0
TOP OF THE 5TH
Athletic Club KC Academy batting - Pitching for Irving Blue Sox : RHP King Joseph
Batting: LHB Octávio Castaneda 0-0: Called Strike
0-1: Swinging Strike
0-2: Ground out 4-3 (Groundball, 4, EV 79.4 MPH)
Batting: RHB Domingo Magana 0-0: Called Strike
0-1: Swinging Strike
0-2: Ball
1-2: DOUBLE (Line Drive, 9LD, EV 110.0 MPH)
Batting: RHB Daniel Hannaford 0-0: Swinging Strike
0-1: Called Strike
0-2: Ball
1-2: Ball
2-2: Ball
3-2: Foul Ball, location: 2F
3-2: Foul Ball, location: 2F
3-2: Foul Ball, location: 2F
3-2: Foul Ball, location: 2F
3-2: DOUBLE (Flyball, 89D, EV 96.2 MPH)
Domingo Magana scores
Batting: SHB Tosya Mndoyants 0-0: Ball
1-0: Swinging Strike
1-1: Ball
2-1: Called Strike
2-2: DOUBLE (Line Drive, 7LS, EV 93.8 MPH)
Daniel Hannaford scores
Batting: RHB Neal Lewis 0-0: Ball
Tosya Mndoyants steals 3rd base
1-0: Called Strike
1-1: Fly out, F7 (Flyball, 7S, EV 79.4 MPH)
Batting: LHB Ron Whitney 0-0: Foul Ball, location: 2F
0-1: Ball
1-1: Called Strike
1-2: 2-RUN HOME RUN (Flyball, 7D, EV 95.0 MPH), Distance : 383 ft
Pitching: RHP Jeff Davis
Batting: RHB Tim Hendricks 0-0: Foul Ball, location: 2F
0-1: Ball
1-1: Foul Ball, location: 2F
1-2: Ball
2-2: Foul Ball, location: 2F
2-2: Foul Ball, location: 2F
2-2: Foul Ball, location: 2F
2-2: Ball
3-2: Fly out, F9 (Flyball, 9LD, EV 103.1 MPH)
Top of the 5th over - 4 runs, 4 hits, 0 errors, 0 left on base; Athletic Club KC Academy 5 - Irving 0
BOTTOM OF THE 5TH
Irving Blue Sox batting - Pitching for Athletic Club KC Academy : LHP Reggie Reed
Batting: RHB Rubén Plumey 0-0: Called Strike
0-1: Ball
1-1: Ball
2-1: Ball
3-1: Base on Balls
Batting: RHB Randy Baker 0-0: Called Strike
0-1: Ball
1-1: Called Strike
1-2: Ball
2-2: Ball
3-2: Base on Balls
Rubén Plumey to second
Batting: SHB Alejandro De La Cerdo 0-0: Foul Ball, location: 2F
0-1: Foul Ball, location: 2F
0-2: Ball
1-2: Ball
2-2: Strikes out swinging
Batting: LHB Nathan Shallcross 0-0: Called Strike
0-1: SINGLE (Groundball, 34D, EV 100.6 MPH)
Rubén Plumey to third
Randy Baker to second
Runner from 3rd tries for Home, SAFE, throw by RF to home
Batting: RHB Gabriel De La Garza 0-0: Called Strike
0-1: Ball
1-1: Foul Ball, location: 2F
1-2: Fly out, F6 (Popup, P, EV 83.8 MPH)
Batting: RHB Emílio Pueblo 0-0: Ball
1-0: Ball
2-0: Ball
3-0: Called Strike
3-1: Called Strike
3-2: Base on Balls
Randy Baker to third
Nathan Shallcross to second
Batting: RHB Julian Lemur 0-0: Ball
1-0: Called Strike
1-1: Foul Ball, location: 2F
1-2: Ball
2-2: Ground out 1-3 (Groundball, 13, EV 86.9 MPH)
Bottom of the 5th over - 1 run, 1 hit, 0 errors, 3 left on base; Athletic Club KC Academy 5 - Irving 1
TOP OF THE 6TH
Athletic Club KC Academy batting - Pitching for Irving Blue Sox : RHP Jeff Davis
Batting: SHB Ross Evans 0-0: Fly out, F8 (Flyball, 89M, EV 91.2 MPH)
Batting: LHB Carl Zimerman 0-0: Ball
1-0: Fly out, F7 (Flyball, 78S, EV 94.4 MPH)
Batting: LHB Octávio Castaneda 0-0: Foul Ball, location: 2F
0-1: Called Strike
0-2: Ball
1-2: Strikes out swinging
Top of the 6th over - 0 runs, 0 hits, 0 errors, 0 left on base; Athletic Club KC Academy 5 - Irving 1
BOTTOM OF THE 6TH
Irving Blue Sox batting - Pitching for Athletic Club KC Academy : LHP Reggie Reed
Batting: RHB Bob Hill 0-0: Ball
1-0: Ball
2-0: Ball
3-0: Base on Balls
Batting: RHB Dan Webb 0-0: Ball
1-0: Ground out 6-3 (Groundball, 6MS, EV 69.4 MPH)
Bob Hill to second
Batting: RHB Rubén Plumey 0-0: Ball
1-0: Ball
2-0: Ball
3-0: Base on Balls
Batting: RHB Randy Baker 0-0: Ball
1-0: Swinging Strike
1-1: Fielders Choice at 2nd, 1-6 (Groundball, 13, EV 72.5 MPH)
Bob Hill to third
Pitching: LHP Héctor Puga
Batting: SHB Alejandro De La Cerdo 0-0: Foul Ball, location: 2F
0-1: Foul Ball, location: 2F
0-2: Fly out, F9 (Line Drive, 9, EV 93.8 MPH)
Bottom of the 6th over - 0 runs, 0 hits, 0 errors, 2 left on base; Athletic Club KC Academy 5 - Irving 1
TOP OF THE 7TH
Athletic Club KC Academy batting - Pitching for Irving Blue Sox : RHP Jeff Davis
Batting: RHB Domingo Magana 0-0: Ball
1-0: Called Strike
1-1: Foul Ball, location: 2F
1-2: Strikes out swinging
Batting: RHB Daniel Hannaford 0-0: Ball
1-0: Swinging Strike
1-1: Ball
2-1: Swinging Strike
2-2: Ball
3-2: Strikes out looking
Batting: SHB Tosya Mndoyants 0-0: Foul Ball, location: 2F
0-1: Called Strike
0-2: Ball
1-2: DOUBLE (Line Drive, 5D, EV 98.1 MPH)
Batting: RHB Neal Lewis 0-0: 2-RUN HOME RUN (Flyball, 7D, EV 88.8 MPH), Distance : 390 ft
Batting: LHB Ron Whitney 0-0: Foul Ball, location: 2F
0-1: Ball
1-1: Foul Ball, location: 2F
1-2: Strikes out swinging
Top of the 7th over - 2 runs, 2 hits, 0 errors, 0 left on base; Athletic Club KC Academy 7 - Irving 1
BOTTOM OF THE 7TH
Irving Blue Sox batting - Pitching for Athletic Club KC Academy : LHP Héctor Puga
Batting: LHB Nathan Shallcross 0-0: Ball
1-0: Fly out, F7 (Flyball, 7, EV 87.5 MPH)
Batting: RHB Gabriel De La Garza 0-0: Called Strike
0-1: Called Strike
0-2: Strikes out looking
Batting: RHB Emílio Pueblo 0-0: Called Strike
0-1: Called Strike
0-2: Ball
1-2: Ball
2-2: Foul Ball, location: 2F
2-2: Strikes out swinging
Bottom of the 7th over - 0 runs, 0 hits, 0 errors, 0 left on base; Athletic Club KC Academy 7 - Irving 1
TOP OF THE 8TH
Athletic Club KC Academy batting - Pitching for Irving Blue Sox : RHP Jeff Davis
Batting: RHB Tim Hendricks 0-0: DOUBLE (Flyball, 9LD, EV 101.2 MPH)
Batting: SHB Ross Evans 0-0: Ball
1-0: Called Strike
1-1: Foul Ball, location: 2F
1-2: Fly out, F7 (Flyball, 7S, EV 75.6 MPH)
Batting: LHB Carl Zimerman 0-0: SINGLE (Line Drive, 89S, EV 93.1 MPH)
Tim Hendricks to third
Batting: LHB Octávio Castaneda 0-0: Called Strike
Carl Zimerman steals 2nd base
0-1: Ball
1-1: DOUBLE (Line Drive, 7LM, EV 101.2 MPH)
Tim Hendricks scores
Carl Zimerman scores
Batting: RHB Domingo Magana 0-0: Ball
1-0: Swinging Strike
1-1: Ball
2-1: Swinging Strike
2-2: Strikes out swinging
Pinch Hitting: RHB Frank Taylor 0-0: Foul Ball, location: 2F
0-1: Called Strike
0-2: Ball
1-2: Strikes out looking
Top of the 8th over - 2 runs, 3 hits, 0 errors, 1 left on base; Athletic Club KC Academy 9 - Irving 1
BOTTOM OF THE 8TH
Irving Blue Sox batting - Pitching for Athletic Club KC Academy : LHP Héctor Puga
Now in LF: Mike Welch
Pinch Hitting: SHB Kevin Davis 0-0: Ball
1-0: Foul Ball, location: 2F
1-1: Ball
2-1: Foul Ball, location: 2F
2-2: Foul Ball, location: 2F
2-2: Hit by Pitch
Batting: RHB Bob Hill 0-0: Called Strike
0-1: Swinging Strike
0-2: Ball
1-2: Strikes out swinging
Batting: RHB Dan Webb 0-0: Called Strike
0-1: DOUBLE (Flyball, 8RXD, EV 94.4 MPH)
Kevin Davis to third
Runner from 3rd tries for Home, SAFE, throw by CF to home
Batting: RHB Rubén Plumey 0-0: Ball
1-0: Ball
2-0: Ball
3-0: Base on Balls
Batting: RHB Randy Baker 0-0: Ball
1-0: Fly out, F9 (Flyball, 89S, EV 85.6 MPH)
Batting: SHB Alejandro De La Cerdo 0-0: Swinging Strike
0-1: Called Strike
0-2: SINGLE (Flyball, 4MD, EV 96.9 MPH)
Dan Webb to third
Rubén Plumey to second
Runner from 3rd tries for Home, SAFE, throw by CF to home
Batting: LHB Nathan Shallcross 0-0: Ball
1-0: Called Strike
1-1: Swinging Strike
1-2: Strikes out swinging
Bottom of the 8th over - 2 runs, 2 hits, 0 errors, 2 left on base; Athletic Club KC Academy 9 - Irving 3
TOP OF THE 9TH
Athletic Club KC Academy batting - Pitching for Irving Blue Sox : RHP Jeff Davis
Pitching: RHP Christopher Tracy
Now at 1B: Pat Kramer
Batting: SHB Tosya Mndoyants 0-0: Ball
1-0: Foul Ball, location: 2F
1-1: Ball
2-1: Ball
3-1: Base on Balls
Batting: RHB Neal Lewis 0-0: Ball
1-0: Called Strike
1-1: Called Strike
1-2: Strikes out swinging
Batting: LHB Ron Whitney 0-0: Ball
1-0: Called Strike
1-1: Ball
2-1: Called Strike
2-2: Foul Ball, location: 2F
2-2: Strikes out swinging
Batting: RHB Tim Hendricks 0-0: Ball
1-0: Ball
2-0: Ball
3-0: Base on Balls
Tosya Mndoyants to second
Batting: SHB Ross Evans 0-0: Called Strike
0-1: Ball
1-1: Ball
2-1: Foul Ball, location: 2F
2-2: Foul Ball, location: 2F
2-2: Ball
3-2: Base on Balls
Tosya Mndoyants to third
Tim Hendricks to second
Batting: LHB Carl Zimerman 0-0: Called Strike
0-1: Swinging Strike
0-2: Fly out, F9 (Line Drive, 9, EV 92.5 MPH)
Top of the 9th over - 0 runs, 0 hits, 0 errors, 3 left on base; Athletic Club KC Academy 9 - Irving 3
BOTTOM OF THE 9TH
Irving Blue Sox batting - Pitching for Athletic Club KC Academy : LHP Héctor Puga
Batting: RHB Gabriel De La Garza 0-0: Ball
1-0: Foul Ball, location: 2F
1-1: Ball
2-1: Foul Ball, location: 2F
2-2: Ball
3-2: Foul Ball, location: 2F
3-2: Base on Balls
Batting: RHB Emílio Pueblo 0-0: Grounds into double play, 4-6-3 (Groundball, 4, EV 91.9 MPH)
Batting: RHB Pat Kramer 0-0: Ball
1-0: Foul Ball, location: 2F
1-1: Called Strike
1-2: Strikes out swinging
Bottom of the 9th over - 0 runs, 0 hits, 0 errors, 0 left on base; Athletic Club KC Academy 9 - Irving 3
Friday, March 26th, 2021 - OOTP Baseball 20.8 Build 74